[Event "ECo-C Extraliga 2023-24"]
[Site "Slovakia"]
[Date "2024.02.25"]
[Round "8.2"]
[White "Mazur, Stefan"]
[Black "Chlpik, Martin"]
[Result "1/2-1/2"]
[ECO "C02"]
[WhiteElo "2440"]
[BlackElo "2281"]
[Annotator "TA"]
[PlyCount "119"]
[EventDate "2023.10.06"]
[EventType "team-tourn"]
[EventCountry "SVK"]
[SourceTitle "playchess.com"]
[Source "ChessBase"]
[SourceQuality "1"]
[TimeControl "40/5400+30:1800+30"]

1. e4 e6 2. d4 d5 3. e5 b6 4. Nf3 Qd7 5. Be2 Ba6 6. O-O {[%emt 0:00:18] C02: French: Advance Variation.} Ne7 7. Bxa6 Nxa6 8. Qe2 Nb8 9. Be3 Nf5 10. c4 Be7 $146 ({Predecessor:} 10... c6 11. Bg5 h6 12. Be3 Qb7 13. Nc3 Bb4 14. Rac1 dxc4 15. Qxc4 Bxc3 16. Qxc3 O-O {0-1 Sanchez,H (800)-Roberts,E (1862) IECG CP.2009.P.00018 email}) 11. Nc3 Nc6 12. Rac1 O-O 13. cxd5 exd5 14. Qb5 Rad8 15. Nxd5 $1 Bc5 16. Nxb6 $1 cxb6 (16... axb6 $142 17. dxc5 Nxe5 18. Qxd7 Nxf3+ 19. gxf3 Rxd7 20. cxb6 cxb6 21. Bxb6 Rb7) 17. dxc5 $16 Nxe3 18. fxe3 Nxe5 19. c6 Nxf3+ 20. gxf3 (20. Rxf3 $16 Qd2 21. Rff1) 20... Qd2 $14 21. c7 Qxe3+ 22. Kh1 Rc8 23. Qa6 Qd2 24. Rfd1 (24. Qxa7 $14 Qxb2 25. Qa6) 24... Qf4 (24... Qf2 $1 $11 25. Rf1 (25. Qxa7 Qxf3+ 26. Kg1 Qe3+ 27. Kg2 Qe2+ 28. Kh1 Qxb2 $11) 25... Qxb2) 25. Qb7 $14 g6 26. Rc3 (26. Qxa7 Qxf3+ 27. Kg1 Ra8 28. Qxb6 Ra4 $19) ({Better is} 26. Re1 $14) 26... Qa4 (26... Rfe8 $2 27. Qxc8 (27. Qxa7 Re2 28. Rd8+ Kg7) 27... Rxc8 28. Rd8+ Kg7 29. Rxc8 $18) (26... Qb4 $11 {should be considered.}) 27. Rcd3 (27. Qd5 $14) 27... Qc2 28. Rd7 Kg7 $2 (28... h5 $11 {and Black is okay.}) 29. Qd5 $18 (29. Qxa7 Qc6 30. Qa3 Rxc7 31. Rxc7 Qxc7 $17) 29... Qxb2 30. Rd8 $2 (30. Kg1 $18) 30... Qf6 $11 (30... Rxc7 $2 31. Rxf8 h5 32. Rd8 $18) 31. Rxf8 Kxf8 32. Qd8+ Kg7 33. Kg2 Qe6 34. Rd7 Qe2+ 35. Kg3 Qe1+ 36. Kf4 (36. Kg2 $5 Qe2+ $8 37. Kg3 $11) 36... Qc1+ 37. Ke4 Qc4+ 38. Ke3 Qc5+ 39. Ke2 Qc4+ 40. Ke1 Qc3+ 41. Kf2 Qb2+ 42. Kf1 Qc1+ 43. Kg2 Qb2+ 44. Kf1 $1 Qc1+ 45. Ke2 (45. Kg2 $5 Qb2+ $8 46. Kg1 (46. Kh3 Qf2 $11) 46... Qb1+ (46... Qc1+ 47. Kg2 $11) 47. Kg2 Qb2+ $11) 45... Qc2+ 46. Ke3 Qc3+ 47. Kf4 (47. Kf2 $5 Qb2+ $8 48. Kg1 Qc1+ 49. Kg2 Qb2+ 50. Kf1 $11 (50. Kh3 Qf2 $11)) 47... Qc1+ 48. Ke5 Qe3+ 49. Kd5 Qc5+ 50. Ke4 Qc4+ 51. Ke3 Qc1+ 52. Kd3 (52. Kf2 $5 Qb2+ $8 53. Kf1 $11) 52... Qa3+ 53. Ke4 Qb4+ 54. Kd3 Qa3+ 55. Kc4 Qc5+ (55... Qxa2+ $2 {loses.} 56. Kb5 $18) 56. Kb3 Qb5+ 57. Kc2 Qa4+ 58. Kc3 Qa3+ 59. Kd4 Qc5+ 60. Kd3 1/2-1/2

[Event "ECo-C Extraliga 2023-24"]
[Site "Slovakia"]
[Date "2024.02.25"]
[Round "8.2"]
[White "Hrbek, Stepan"]
[Black "Bokros, Albert"]
[Result "1/2-1/2"]
[ECO "B40"]
[WhiteElo "2426"]
[BlackElo "2460"]
[Annotator "RC"]
[PlyCount "190"]
[EventDate "2023.10.06"]
[EventType "team-tourn"]
[EventCountry "SVK"]
[SourceTitle "playchess.com"]
[Source "ChessBase"]
[SourceQuality "1"]
[TimeControl "40/5400+30:1800+30"]

1. e4 c5 2. Nf3 e6 3. d4 cxd4 4. Nxd4 Nf6 5. Bd3 Nc6 6. Nxc6 dxc6 7. O-O e5 8. Nd2 Qc7 9. Nc4 Be6 10. Qf3 Be7 11. Qg3 Bxc4 12. Bxc4 O-O 13. Bh6 Ne8 14. a4 Bc5 15. a5 Rd8 16. Bg5 Rd4 17. Ra4 Rd7 18. b4 Be7 19. Be3 Nd6 20. Bd3 Nb5 21. Bh6 Bf6 22. Ra2 Qd6 23. Rb2 Qe6 24. h3 a6 25. Be3 Nd4 26. Qg4 Rfd8 27. g3 g6 28. Kg2 h5 29. Qxe6 Nxe6 30. h4 Kg7 31. Rfb1 Nd4 32. c4 Be7 33. Bf1 Ne6 34. Be2 Nd4 35. Bf1 Ne6 36. Kh2 Rd1 37. Bb6 R8d2 38. Bh3 Kf6 39. Bxe6 Kxe6 40. b5 cxb5 41. cxb5 Rxb1 42. Rxb1 Ra2 43. bxa6 bxa6 44. Rc1 Bb4 45. Rc6+ Kd7 46. Rc7+ Ke6 47. Ra7 Bc3 48. Rxa6 Kd7 49. Ra7+ Ke6 50. Ra6 Kd7 51. Ra7+ Ke6 52. Kg1 Bd4 53. Bxd4 exd4 54. Kg2 d3 55. Kf3 d2 56. Ke2 d1=Q+ 57. Kxd1 Rxf2 58. a6 Ra2 59. Ra8 Kf6 60. Kc1 Ra4 61. a7 Kg7 62. Kb2 f6 63. Kb3 Ra1 64. Kb2 Ra4 65. Kb3 Ra1 66. Kc2 Ra3 67. Kd2 Ra1 68. Ke3 Ra2 69. Kd4 Ra5 70. Kc4 Ra1 71. Kd5 Ra4 72. Kd6 Ra6+ 73. Ke7 Ra1 74. Ke8 Kg8 75. Kd8 Kg7 76. Kd7 Ra2 77. Kc6 Rc2+ 78. Kd6 Ra2 79. Ke6 Ra6+ 80. Kd7 Ra2 81. Kd8 Ra1 82. Rc8 Rxa7 83. Rc7+ Rxc7 84. Kxc7 g5 85. Kd6 gxh4 86. gxh4 f5 87. e5 f4 88. e6 f3 89. e7 f2 90. e8=Q f1=Q 91. Qxh5 Qa6+ 92. Kc7 Qa7+ 93. Kc6 Qa6+ 94. Kc7 Qa7+ 95. Kc6 Qa6+ 1/2-1/2

[Event "ECo-C Extraliga 2023-24"]
[Site "Slovakia"]
[Date "2024.02.25"]
[Round "8.3"]
[White "Sipos, Istvan"]
[Black "Mrva, Martin"]
[Result "0-1"]
[ECO "E46"]
[WhiteElo "2457"]
[BlackElo "2363"]
[Annotator "ChessBase"]
[PlyCount "115"]
[EventDate "2023.10.06"]
[EventType "team-tourn"]
[EventCountry "SVK"]
[SourceTitle "playchess.com"]
[Source "ChessBase"]
[SourceQuality "1"]
[TimeControl "40/5400+30:1800+30"]

1. c4 e6 2. d4 Nf6 3. Nc3 Bb4 4. e3 O-O 5. Nge2 c6 6. a3 Ba5 7. Ng3 d5 8. Bd2 Nbd7 9. f4 Bc7 10. Qc2 c5 11. dxc5 Nxc5 12. b4 Ncd7 13. Nb5 Bb8 14. cxd5 exd5 15. Rc1 a6 16. Nd4 Re8 17. Be2 Nb6 18. O-O Bd7 19. h3 Nc4 20. Bxc4 dxc4 21. Qxc4 Bb5 22. Nxb5 Qxd2 23. Qc3 Qxc3 24. Nxc3 Ba7 25. Kh2 Bxe3 26. Rcd1 Rac8 27. Rd3 Rc4 28. Nge2 h5 29. Rf3 Ba7 30. Rd2 h4 31. Rfd3 Be3 32. Rd1 Bf2 33. Rd8 Bg3+ 34. Kg1 Rxd8 35. Rxd8+ Kh7 36. Rd3 Bxf4 37. Nxf4 Rxf4 38. Nd5 Nxd5 39. Rxd5 Kg6 40. Rd7 b5 41. Rd6+ Rf6 42. Rd5 Kh6 43. a4 bxa4 44. Ra5 g5 45. Rxa4 Kg6 46. Ra5 Rb6 47. Kf2 Kh5 48. Kf3 f6 49. Ke3 Kg6 50. Kf3 f5 51. Kf2 g4 52. hxg4 fxg4 53. Ke3 Kh6 54. Re5 Rf6 55. b5 h3 56. gxh3 g3 57. h4 Rg6 58. Rg5 0-1

[Event "ECo-C Extraliga 2023-24"]
[Site "Slovakia"]
[Date "2024.02.25"]
[Round "8.3"]
[White "Finek, Vaclav"]
[Black "Bochnicka, Vladimir"]
[Result "1-0"]
[ECO "E04"]
[WhiteElo "2416"]
[BlackElo "2398"]
[Annotator "TA"]
[PlyCount "93"]
[EventDate "2023.10.06"]
[EventType "team-tourn"]
[EventCountry "SVK"]
[SourceTitle "playchess.com"]
[Source "ChessBase"]
[SourceQuality "1"]
[TimeControl "40/5400+30:1800+30"]

1. d4 d5 2. c4 e6 3. Nf3 Nf6 4. g3 dxc4 5. Bg2 c6 6. Ne5 Bb4+ 7. Bd2 {[%emt 0:05:12] E04: Open Catalan: 5 Nf3.} Be7 {[%emt 0:02:07] 7...Be7 scores better than 7...Qxd4.} 8. e3 b5 9. a4 b4 $1 10. O-O O-O 11. Qc2 Ba6 12. Rd1 Qc7 13. Be1 Rc8 14. Nd2 Bb7 $1 15. Ndxc4 Nbd7 $146 (15... c5 $11 {keeps the balance.}) ({Predecessor:} 15... c5 16. Bxb7 Qxb7 17. dxc5 Rxc5 18. Rac1 Nc6 19. Nd3 Rd5 20. b3 Rad8 21. f3 h5 {0-1 Ciorgovean,I (2325)-Onslow,A (2174) EU-ch 23rd Vrnjacka Banja 2023 (5)}) 16. Nxd7 $16 Nxd7 17. e4 c5 18. d5 exd5 $1 19. exd5 Bd6 20. Bd2 Re8 (20... Ne5 $14) 21. Rac1 $16 Rac8 {[%emt 0:14:06] [#]} 22. Qf5 (22. Bh3 $1 $16) 22... Ne5 (22... g6 $14 23. Qg4 Ba6) 23. Nxd6 (23. Bxb4 $1 $16 g6 24. Qf6 Nxc4 25. Rxc4) 23... Qxd6 $14 24. Bf4 Rc7 25. Re1 Rce7 26. Re3 f6 (26... Bxd5 $2 27. Rd1 $18 (27. Rd3 $2 Qa6 $19) (27. Rd3 $2 Qa6 $19)) 27. Qc2 Rc8 28. b3 g5 (28... Bxd5 $2 29. Rd3 $18) ({Better is} 28... a5) 29. Bxe5 $16 Rxe5 30. Rxe5 Qxe5 (30... fxe5 $16 31. Qe4 (31. Qf5 h6 $18) 31... Rc7) 31. Qd2 (31. Qc4 $18 {is more deadly. aiming for d6+.} Qd6 32. Re1) 31... Re8 32. h3 (32. Rxc5 $2 Qe1+ 33. Qxe1 Rxe1+ 34. Bf1 Ba6 $19) 32... Qd6 {[%emt 0:02:06] [#]} (32... Qd4 $142 33. Qxd4 cxd4) 33. Qc2 $1 $16 Qd7 (33... Bxd5 $2 {too greedy.} 34. Rd1 $18 (34. Qxc5 Qxc5 35. Rxc5 Bxb3 $15) (34. Qxc5 Re1+ 35. Kh2 Qxc5 $15)) (33... Qb6 $16 34. Bf3 (34. Qxc5 Re1+ 35. Kh2 Rxc1 $11) 34... a6) 34. Qxc5 Rc8 35. Qe3 Rxc1+ 36. Qxc1 Bxd5 37. Qd2 Be6 38. Qxb4 Qd1+ 39. Kh2 Bf7 $2 (39... Kf7 40. Qc5 Qd7) 40. Qb8+ $18 Kg7 41. Qxa7 Qxb3 42. a5 h5 43. a6 Qa2 44. Qc7 Kg6 45. a7 Bd5 46. Bxd5 Qxd5 47. Qb8 1-0

[Event "ECo-C Extraliga 2023-24"]
[Site "Slovakia"]
[Date "2024.02.25"]
[Round "8.3"]
[White "Manik, Mikulas"]
[Black "Balogh, Csaba"]
[Result "1/2-1/2"]
[ECO "B43"]
[WhiteElo "2342"]
[BlackElo "2554"]
[Annotator "RC"]
[PlyCount "54"]
[EventDate "2023.10.06"]
[EventType "team-tourn"]
[EventCountry "SVK"]
[SourceTitle "playchess.com"]
[Source "ChessBase"]
[SourceQuality "1"]
[TimeControl "40/5400+30:1800+30"]

1. e4 c5 2. Nf3 e6 3. d4 cxd4 4. Nxd4 a6 5. Nc3 b5 6. Bd3 Bb7 7. O-O Nc6 8. Nxc6 Bxc6 9. Re1 Bc5 10. Nd5 Ne7 11. Nxe7 Qxe7 12. Qh5 e5 13. Bg5 Qe6 14. Be3 Bxe3 15. Rxe3 O-O 16. a3 Rfe8 17. Rae1 d6 18. Rg3 Ra7 19. b3 Rc8 20. h4 Be8 21. Qg5 f6 22. Qe3 Rb7 23. c4 Bf7 24. Bf1 Qd7 25. Qh6 Bg6 26. Qd2 Bf7 27. Qh6 Bg6 1/2-1/2

[Event "ECo-C Extraliga 2023-24"]
[Site "Slovakia"]
[Date "2024.02.25"]
[Round "8.3"]
[White "Borosova, Zuzana"]
[Black "Roubalik, Jakub"]
[Result "1/2-1/2"]
[ECO "A46"]
[WhiteElo "2215"]
[BlackElo "2351"]
[Annotator "ChessBase"]
[PlyCount "234"]
[EventDate "2023.10.06"]
[EventType "team-tourn"]
[EventCountry "SVK"]
[SourceTitle "playchess.com"]
[Source "ChessBase"]
[SourceQuality "1"]
[TimeControl "40/5400+30:1800+30"]

1. d4 Nf6 2. Nf3 e6 3. Bf4 b6 4. e3 Bb7 5. Bd3 Bd6 6. Bxd6 cxd6 7. Nbd2 d5 8. c3 d6 9. Qe2 Ne4 10. Bb5+ Nd7 11. Ba6 Qc8 12. Bxb7 Qxb7 13. a4 O-O 14. O-O a6 15. Ne1 b5 16. Nd3 Rfb8 17. a5 Rc8 18. f3 Nxd2 19. Qxd2 Nb8 20. Rf2 Rf8 21. Re1 Nc6 22. b4 Rac8 23. Nb2 Qc7 24. Nd1 Ne7 25. Rfe2 e5 26. Kh1 Qc6 27. Rg1 Rfe8 28. Rge1 Ng6 29. g3 f5 30. Kg2 Rf8 31. Qa2 Kh8 32. Rd2 Rcd8 33. Rde2 Rde8 34. Kf2 Re7 35. Rd2 Rd7 36. Rde2 Rdd8 37. Rd2 Ne7 38. Kg2 Ng8 39. Rde2 Nf6 40. Qd2 Rc8 41. Kh1 Rc7 42. Rf1 Rfc8 43. Ref2 Qe8 44. Re2 Qh5 45. Rg2 Qe8 46. Re2 Qe6 47. Ref2 g6 48. Re2 Kg7 49. Rg2 h6 50. Qe1 Rf7 51. Rgf2 g5 52. Qe2 Re8 53. Qc2 Rc8 54. Qe2 Rcf8 55. Qc2 h5 56. Qe2 Kg6 57. Qc2 e4 58. f4 g4 59. Kg1 h4 60. Rg2 Rh8 61. Kf2 Rfh7 62. Ke1 Qc8 63. Qe2 Kf7 64. Rfg1 Ke6 65. Kd2 Rh6 66. Nb2 R8h7 67. Nd1 Qh8 68. Qf1 Rc7 69. Qe1 Qh7 70. Qf1 Rc4 71. Qe1 Qc7 72. Ke2 Rh8 73. Kf1 hxg3 74. hxg3 Rh3 75. Rb2 Qc8 76. Rbg2 Rc7 77. Qd2 Rch7 78. Qe2 Nh5 79. Ke1 Nf6 80. Qf1 Qh8 81. Nf2 R7h6 82. Nd1 Rh7 83. Nf2 R3h6 84. Nd1 Nd7 85. Nf2 Rh5 86. Nd1 Qc8 87. Qe2 Nb8 88. Kd2 Nc6 89. Ke1 Ne7 90. Kd2 Ng8 91. Ke1 Nf6 92. Qf1 Qh8 93. Nf2 Rc7 94. Nd1 Rhh7 95. Qe2 Rc4 96. Qb2 Qc8 97. Rc2 Nd7 98. Rcg2 Qh8 99. Qe2 Nb8 100. Qd2 Nd7 101. Nb2 Rc6 102. Nd1 Nf6 103. Qe2 Qc8 104. Qb2 Rh3 105. Qd2 Rc7 106. Qb2 Rch7 107. Qe2 Rh1 108. Kf1 R7h3 109. Rxh1 Rxh1+ 110. Rg1 Nh5 111. Qg2 Qc4+ 112. Ke1 Rh3 113. Qf2 Qd3 114. Rg2 Rh1+ 115. Rg1 Rh3 116. Rg2 Rh1+ 117. Rg1 Rh3 1/2-1/2

[Event "ECo-C Extraliga 2023-24"]
[Site "Slovakia"]
[Date "2024.02.25"]
[Round "8.3"]
[White "Solcan, Martin"]
[Black "Hrabusa, Matej"]
[Result "0-1"]
[ECO "A06"]
[WhiteElo "2182"]
[BlackElo "2346"]
[Annotator "TA"]
[PlyCount "86"]
[EventDate "2023.10.06"]
[EventType "team-tourn"]
[EventCountry "SVK"]
[SourceTitle "playchess.com"]
[Source "ChessBase"]
[SourceQuality "1"]
[TimeControl "40/5400+30:1800+30"]

1. g3 d5 2. Nf3 g6 3. Bg2 Bg7 4. O-O e5 5. d3 Nc6 6. e4 Nge7 7. Nc3 d4 8. Nd5 O-O 9. Re1 {[%emt 0:00:20] The position is equal.} Be6 10. Nxe7+ Qxe7 11. Ng5 Bd7 12. f4 a5 13. Bd2 a4 14. c4 (14. a3 $11 {is superior.}) 14... dxc3 15. bxc3 exf4 (15... Rad8 $15 {deserves consideration.}) 16. gxf4 $11 Bxc3 17. Bxc3 Qc5+ 18. d4 Qxc3 19. d5 Qd4+ 20. Qxd4 Nxd4 21. Rab1 b5 22. e5 Bf5 23. Ne4 {[%emt 0:03:09] [#]} (23. Rbd1 $1 $11 Nc2 24. Re2) 23... Rab8 (23... b4 $1 $17 {[%cal Rb4b3] Strongly threatening ...b3.} 24. Kf2 (24. Rxb4 $2 {is the wrong capture.} Nc2 $19) 24... b3) 24. Rbd1 Nc2 25. Re2 Na3 26. Rd4 Rfd8 27. Nc5 Rb6 28. Kf2 (28. Be4 $11) 28... Nb1 $1 $15 29. Rb2 a3 30. Rb3 {[%emt 0:00:54] Threatens to win with Be4.} Bc2 31. Re3 {[%emt 0:05:20] This costs White the game.} (31. Rdb4 $1 $11 Bxb3 32. Rxb3) 31... b4 $19 32. Re1 $2 (32. Be4 $17 {keeps fighting.} Bxe4 33. Nxe4) 32... Nc3 33. Ra1 Rb5 34. Rc4 {[%emt 0:02:55] [#]} Bf5 $1 35. Nb3 Nxd5 {[%emt 0:04:52] White must now prevent ...Nc3.} 36. Nd4 $2 (36. Rd1) 36... Nb6 37. Nxb5 Nxc4 38. Nxc7 Rd2+ 39. Kg3 {[%emt 0:00:15] [#]} Rxa2 $3 40. Rxa2 (40. Re1 b3) 40... b3 41. Rxa3 Nxa3 42. Nd5 b2 43. Nc3 {[%emt 0:00:05] [#]} Nb5 $1 {[%emt 0:00:19][%mdl 512] Weighted Error Value: White=0.74/Black=0.13 (very precise) .  Mistake:       	White=6     	Black=2      Inaccurate:     	White=1     	Black=4      OK:         	White=12    	Black=9      Best:        	White=1     	Black=3      Strong:       	---       	Black=1} 0-1

[Event "ECo-C Extraliga 2023-24"]
[Site "Slovakia"]
[Date "2024.02.25"]
[Round "8.4"]
[White "Babula, Vlastimil"]
[Black "Borhy, Marcell"]
[Result "1-0"]
[ECO "B90"]
[WhiteElo "2535"]
[BlackElo "2385"]
[Annotator "TA"]
[PlyCount "115"]
[EventDate "2023.10.06"]
[EventType "team-tourn"]
[EventCountry "SVK"]
[SourceTitle "playchess.com"]
[Source "ChessBase"]
[SourceQuality "1"]
[TimeControl "40/5400+30:1800+30"]

1. e4 c5 2. Nf3 d6 3. d4 cxd4 4. Nxd4 Nf6 5. Nc3 a6 6. h3 e5 7. Nde2 h5 8. Bg5 Be6 9. Bxf6 Qxf6 {[%emt 0:00:07] The position is equal.} 10. Nd5 Qd8 11. Qd3 g6 12. O-O-O Nd7 13. Kb1 Nc5 14. Qa3 Bh6 15. h4 b5 (15... Nxe4 $2 16. Qa4+ b5 17. Qxe4 $18) 16. Nec3 O-O (16... Kf8 $11 {is superior.}) 17. f3 $1 $14 f5 18. Be2 (18. exf5 $1 $14 gxf5 (18... Bxf5 19. Be2 $16) (18... Rxf5 19. Bd3 $14) 19. Be2) 18... f4 $1 $11 19. b4 Nb7 20. Qb2 Rf7 21. a3 Kh7 22. Rd2 Qb8 23. Rhd1 Nd8 24. a4 bxa4 25. Nxa4 {[%emt 0:00:23] Ndb6 is the strong threat. Excellent horsemanship.} Bf8 26. Rd3 (26. Bc4 $11 {remains equal.}) 26... Rb7 {[%emt 0:03:40] ...Nc6 would now be deadly.} 27. Rb3 Nc6 28. c3 {[%emt 0:02:37] Dodges Nd4} Ne7 (28... Kg7 $15) 29. Bc4 $1 Nxd5 30. Bxd5 Bxd5 31. Rxd5 Be7 32. Qd2 Qe8 33. Nb2 Qc6 34. Qd3 Rb5 (34... Rc7 $11) 35. Ra3 $1 $16 Rab8 ({Better is} 35... Rxd5 $14 36. Qxd5 (36. exd5 Qb6 $11) 36... Qxd5 37. exd5 Bxh4) 36. Nc4 (36. Qc4 $16 Qb7 37. Rxb5 axb5 38. Qa2) 36... Rc8 $11 {[%emt 0:01:20] Hoping for ...Rxd5.} 37. Nd2 $2 {[%emt 0:01:57] [#]} (37. Rxb5 $11 Qxb5 38. Nb2) 37... Kh6 $2 (37... Bxh4 $2 38. Rxd6 $18) (37... Rxb4+ $1 $19 38. Kc1 (38. cxb4 $2 Qc1+ 39. Ka2 Rc2+ 40. Kb3 Rb2+ 41. Ka4 Qc6+ 42. b5 axb5+ 43. Rxb5 d5 $19) 38... Qb6 (38... Bxh4 39. Rxd6 Qe8 40. Raxa6 $11) 39. Rxa6 Qf2) 38. Kb2 Qb6 {[%emt 0:00:47] [#]} (38... Rxb4+ $11 39. cxb4 Qc1+ 40. Kb3 (40. Ka2 $2 Rc2+ $19) 40... Qd1+ 41. Kb2 Qc1+ 42. Kb3 (42. Ka2 $2 Rc2+ $19) 42... Qd1+ 43. Kb2 Qc1+) 39. Rxa6 $3 $16 Qxa6 40. Qxb5 Qa7 41. Nc4 Bxh4 (41... Qf2+ $16 42. Rd2 Qe1) 42. Rxd6 $18 {[%emt 0:00:00][%cal Oc4b6] Threatens to win with Nb6!} (42. Nxd6 Ra8 43. Nf5+ (43. Rxe5 $2 Qf2+ 44. Kb1 Bf6 $19) 43... Kg5 (43... gxf5 44. Rd6+ Kg5 45. Qxe5 $15) 44. Rxe5 Qf2+ (44... gxf5 45. Rxf5+ Kg6 46. Qc6+ Kg7 47. Ra5 $11) 45. Kb1 Qg1+ (45... gxf5 46. Rxf5+ Kg6 47. Qc6+ Kg7 48. Qc7+ Kh6 49. Qd6+ Kg7 50. Qe5+ Kg6 51. Qe6+) 46. Kc2 Qxg2+ (46... gxf5 47. Rxf5+ Kg6 48. Qc6+ Kg7 49. Qd7+ Kh8 50. Rxh5+ Kg8 51. Qg4+) 47. Kb1 Qa2+ (47... gxf5 $2 48. Rxf5+ Kg6 49. Qc6+ Kg7 50. Qb7+ Kh6 51. Qxa8 $18) 48. Kc1 Qa1+ (48... gxf5 49. Rxf5+ Kg6 50. Qc6+ Kg7 51. Qc7+ Kg8 52. Qc6 $11) 49. Kc2 Ra2+ (49... gxf5 50. Rxf5+ Kg6 51. Qc6+ Kg7 52. Qc7+ Kh6 53. Qd6+ Kg7 54. Qe5+ Kg8 55. Qe6+ Kh8 56. Qh6+ Kg8 57. Qg6+ Kh8 58. Rxh5#) 50. Kb3 Ra3+ (50... gxf5 51. Rxf5+ Kh6 52. Qc6+ Kg7 53. Qd7+ Kh6 54. Qe6+) 51. Kc4 Qf1+ (51... gxf5 52. Rxf5+ Kh6 53. Qc6+ Kg7 54. Qd7+ Kh6 55. Qe6+) (51... Rxc3+ 52. Kd5 $11) 52. Kd4 Qxb5 (52... Qxf3 53. Ne3+ Kh6 54. Nf5+ Kg5 55. Ne3+ Kh6 56. Nf5+ Kg5 $11) 53. Rxb5 Bf2+ (53... gxf5 $2 54. Rxf5+ Kg6 55. Rxf4 $19) 54. Kd3 gxf5 55. Rxf5+ Kg6 $19 (55... Kh4 56. e5 $17)) 42... Be1 43. Rc6 $2 (43. Nxe5 Rxc3 44. Nc4 (44. Nxg6 $2 Qa3+ 45. Kb1 Rc1#) (44. Rxg6+ $2 Kh7 $19) 44... Qf2+ $11) ({White should try} 43. Kb3 $18 Qa1 44. Qxe5 (44. Rd3 Ra8 $17) 44... Qb1+ 45. Ka3 Ra8+ 46. Na5 Qc1+ 47. Kb3 Qb1+ 48. Kc4 Qa2+ 49. Kb5 Qxg2 50. Rd5 (50. Qxf4+ Qg5+ 51. Qxg5+ Kxg5 $16)) 43... Ra8 $1 $11 44. Na5 $1 {[%emt 0:00:00] Active counter play!} (44. Qxe5 $2 Qa1+ 45. Kc2 Qa4+ (45... Ra2+ 46. Kb3 $15) 46. Kb2 Qxc6 $19) (44. Nxe5 $2 Qa2+ 45. Kc1 Bd2+ (45... Qd2+ $2 46. Kb1 $19) 46. Kd1 Qb1+ 47. Ke2 Qe1+ 48. Kd3 Qf1+ 49. Kc2 Qxb5 $19) 44... Qf2+ 45. Kb3 Qxg2 46. Qb7 $36 {[%emt 0:00:00][%mdl 2048] White fights for an advantage. Dancing on a razor blade.} Rh8 (46... Rg8 $11 {and Black is okay.}) 47. Qf7 $2 (47. Nc4 $18 Bxc3 48. Nd6 Qb2+ 49. Kc4) 47... Rh7 $2 (47... Rb8 $11 {and Black has nothing to worry.}) 48. Qf8+ $18 Kg5 49. Qf6+ Kh6 50. Nc4 (50. Qxe5 Qxf3 51. b5 Bh4 $11) 50... Bxc3 51. Qf8+ (51. Kxc3 Qxf3+ 52. Kd2 Qf2+ 53. Kd1 (53. Kc3 Qd4+ 54. Kb3 Qd1+ 55. Ka3 Qa1+ 56. Kb3 Qd1+ 57. Kb2 Qd4+ 58. Kc2 Qxe4+ 59. Kc3 Qd4+ 60. Kb3 Qd1+ 61. Kb2 Qe2+ 62. Kc3 Qf3+ 63. Kc2 Qe4+ 64. Kb3 Rb7 $11) 53... Qf3+ 54. Kc2 Qxe4+ 55. Kb3 Qd3+ 56. Ka4 f3 $11) 51... Kg5 {[%emt 0:00:25] [#]} 52. Qd8+ ({Worse is} 52. Kxc3 Qxf3+ 53. Kb2 Qe2+ 54. Kc1 Qe1+ 55. Kb2 Qe2+ 56. Kc3 Qf3+ 57. Kb2 Qe2+ $11) 52... Kh6 53. Kxc3 Qxf3+ 54. Qd3 Qh1 (54... Qxd3+ $18 55. Kxd3 Rd7+ 56. Ke2 Rd4) 55. Kb3 (55. Nxe5 $2 {is the wrong capture.} Qa1+ 56. Kc2 Qxe5 $19) (55. Rxg6+ $142 Kxg6 56. Nxe5+ Kg7 57. Qd7+ Kh6 58. Qd6+ Kg5 59. Qd8+ Re7 60. Qxe7+ Kh6 61. Qf6+ Kh7 62. Qg6+ Kh8 63. Nf7#) 55... Ra7 56. Nb2 $2 (56. Nxe5 Rg7 57. Nf3) 56... Qg2 (56... Ra1 {keeps fighting.}) 57. b5 {[%emt 0:01:31] aiming for b6.} f3 $2 (57... Qg3 $18 58. Rc3 Qe1) 58. Qe3+ {[%emt 0:00:27] Weighted Error Value: White=0.53/Black=0.66.  Loses game:     	White=1     	Black=2      Missed win:     	White=2     	Black=1      Mistake:       	White=4     	Black=9      Inaccurate:     	White=4     	Black=4      OK:         	White=18    	Black=15     Best:        	White=5     	Black=5      Strong:       	White=4     	Black=2      Brilliant:      	White=1     	---} 1-0

[Event "ECo-C Extraliga 2023-24"]
[Site "Slovakia"]
[Date "2024.02.25"]
[Round "8.4"]
[White "Stohl, Igor"]
[Black "Briestensky, Rastislav"]
[Result "1/2-1/2"]
[ECO "E32"]
[WhiteElo "2424"]
[BlackElo "2290"]
[Annotator "ChessBase"]
[PlyCount "66"]
[EventDate "2023.10.06"]
[EventType "team-tourn"]
[EventCountry "SVK"]
[SourceTitle "playchess.com"]
[Source "ChessBase"]
[SourceQuality "1"]
[TimeControl "40/5400+30:1800+30"]

1. d4 Nf6 2. c4 e6 3. Nc3 Bb4 4. Qc2 O-O 5. a3 Bxc3+ 6. Qxc3 d6 7. Bg5 Qe7 8. e3 e5 9. Bd3 h6 10. Bh4 a5 11. Ne2 Re8 12. O-O Nbd7 13. b4 axb4 14. axb4 Rxa1 15. Qxa1 c6 16. Nc3 g5 17. Bg3 exd4 18. exd4 Nh5 19. b5 Nxg3 20. hxg3 Nf6 21. Qa7 Kg7 22. Rb1 Ng4 23. Rf1 Nf6 24. Qb6 Qd8 25. Qxd8 Rxd8 26. Ra1 Re8 27. Kf1 Bd7 28. Ra7 Rb8 29. Ke2 cxb5 30. cxb5 Kf8 31. Kd2 Ke7 32. Nd1 d5 33. Ne3 Kd6 1/2-1/2